 Dungeon Crawl Stone Soup version 0.17-a0-1731-g129c023 (webtiles) character file.

15346 hexophile the Blocker (level 12, -2/77 HPs)
             Began as a Gargoyle Fighter on Aug 29, 2015.
             Was a Priest of Cheibriados.
             Killed by the raging water
             ... invoked by a water nymph
              (13 damage)
             ... on level 2 of the Shoals.
             The game lasted 00:20:03 (12889 turns).

hexophile the Blocker (Gargoyle Fighter)           Turns: 12889, Time: 00:20:04

Health: -2/77      AC: 31    Str: 25    XL:     12   Next: 26%
Magic:  12/27      EV:  6    Int: 21    God:    Cheibriados [***...]
Gold:   721        SH: 12    Dex: 15    Spells: 0 memorised, 11 levels left

rFire  . . .     SeeInvis .     a - +1 trident
rCold  . . .     Clarity  .     I - +0 plate armour
rNeg   + + .     SustAt   .     c - +0 shield
rPois  ∞         Gourm    +     k - +2 helmet
rElec  +         Spirit   .     p - +2 cloak
rCorr  .         Warding  .     f - +0 pair of gloves
rMut   .         Stasis   .     (no boots)
MR     .....                    j - amulet of the gourmand
Stlth  ..........               A - ring of positive energy
                                g - ring of magical power

@: very slow, not resistant to hostile enchantments, extremely unstealthy
A: negative energy resistance 1, electricity resistance, unbreathing,
petrification resistance, rot immunity, AC +8
a: Bend Time, Temporal Distortion, Renounce Religion


You were on level 2 of the Shoals.
You worshipped Cheibriados.
Cheibriados was most pleased with you.
You were near starving.

You visited 4 branches of the dungeon, and saw 14 of its levels.

You collected 721 gold pieces.

Inventory:

Hand weapons
 a - a +1 trident (weapon)
Missiles
 h - 437 stones (quivered)
Armour
 c - a +0 shield (worn)
 f - a +0 pair of gloves (worn)
 k - a +2 helmet (worn)
 p - a +2 cloak (worn)
 I - a +0 plate armour (worn)
Jewellery
 g - a ring of magical power (left hand)
 j - an amulet of the gourmand (around neck)
 l - an uncursed amulet of resist corrosion
 A - a ring of positive energy (right hand)
 D - an uncursed ring of wizardry
Magical devices
 b - a wand of flame (9)
 i - a wand of magic darts (40)
 t - a wand of frost (47)
 v - a wand of confusion (33)
Scrolls
 n - a scroll of magic mapping
 q - a scroll of enchant armour
 w - 3 scrolls of remove curse
 y - a scroll of teleportation
 B - 4 scrolls of identify
Potions
 d - 2 potions of might
 r - a potion of haste
 z - 2 potions of brilliance
Books
 s - a book of Necromancy

   Spells                             Type                      Level
   a - Pain                           Necromancy                   1
   b - Animate Skeleton               Necromancy                   1
   c - Vampiric Draining              Necromancy                   3
   d - Regeneration                   Charms/Necromancy            3
   e - Animate Dead                   Necromancy                   4
   f - Control Undead                 Necromancy                   4
Comestibles
 e - 13 bread rations
 m - 11 beef jerkies
 o - 5 meat rations
 x - 3 slices of pizza
 F - 7 fruits


   Skills:
 + Level 9.9 Fighting
 - Level 10.0 Polearms
 + Level 9.5 Armour
 + Level 10.1 Shields
 - Level 8.6 Invocations


You had 11 spell levels left.
You didn't know any spells.

Dungeon Overview and Level Annotations

Branches:
Dungeon (8/15)             Temple (1/1) D:5            Lair (3/8) D:8
 Shoals (2/4) Lair:3
  Snake: Lair:3-6    Spider: Lair:3-6

Altars:
Ashenzari
Cheibriados
Dithmenos
Elyvilon
Fedhas
Gozag
Kikubaaqudgha
Makhleb
Nemelex Xobeh
Okawaru
Qazlal
Ru
Sif Muna
Trog
Vehumet
Xom
Yredelemnul
Zin
The Shining One

Shops:
D:5 *


Innate Abilities, Weirdness & Mutations

You are resistant to torment.
Your stone body is resilient (AC +8).
You are immune to poison.
You resist negative energy.
You are resistant to electric shocks.
You can survive without breathing.
You are immune to petrification.
You are immune to rotting.


Message History

Your merfolk impaler dissolves into shadows!
You hear a distant blaring wail to the west.
You are near starving!
There is a stone staircase leading up here.
You start resting.
A cyclops and a water nymph come into view.
There are monsters nearby!
Unknown command.
The cyclops shouts!
The water nymph flows with the water.
The cyclops throws a large rock.
The large rock barely misses you.
You see here a large rock.
Splash!
You fall into the shallow water.
Moving in this stuff is going to be slow.
The cyclops throws a large rock.
You block the large rock.
You hear a splash.
The water nymph points at you and mumbles some strange words.
The water swirls and strikes you!
You die...

≈≈..#...#
#.≈≈≈≈.≈≈≈≈... ≈..
##))###.≈≈≈≈≈≈≈≈≈≈#
≈.
##...≈≈≈≈≈≈≈≈≈≈≈≈##
#..≈.≈≈C≈≈≈≈≈≈≈≈≈≈
#..≈≈.E≈≈≈≈≈≈≈≈≈≈≈
##.≈≈..≈≈≈≈≈≈≈≈≈≈≈
#.≈≈≈≈≈≈≈≈≈≈≈≈≈≈≈
##.≈≈≈≈≈≈)≈≈≈≈≈≈≈≈
##(@<≈≈≈≈≈≈≈≈≈≈≈≈≈≈
#.≈m≈≈≈≈≈≈≈≈≈≈≈≈≈≈≈
#.≈.≈≈≈≈≈≈≈≈≈≈≈≈≈≈≈
#...≈≈≈≈≈≈≈≈≈≈≈≈≈≈≈
#..≈≈≈≈...≈..≈≈≈≈≈≈
###.≈≈..#.....≈≈≈≈≈
#..≈≈....###.≈≈≈≈
..≈≈≈...## #.≈≈
≈≈≈≈..#


You could see a water nymph, a cyclops and a water elemental.

Vanquished Creatures
  2 sea snakes (Shoals:2)
  The ghost of kae the Arsonist, an experienced TeFE (D:5)
  A griffon (Shoals:1)
  A water nymph (Shoals:1)
  A manticore (Shoals:1)
  A faun (Shoals:2)
  2 black mambas (Lair:2)
  5 spiny frogs
  2 komodo dragons (Lair:2)
  A merfolk (Shoals:2)
  5 blink frogs (Lair:2)
  2 wraiths (D:8)
  11 yaks
  A water elemental (Shoals:2)
  Grum (D:8)
  9 wolves
  A hippogriff (Lair:2)
  A hungry ghost (D:7)
  4 water moccasins
  An orc warrior (D:4)
  5 porcupines
  2 ice beasts
  4 ogres
  2 crocodiles (Lair:2)
  A centaur (D:7)
  14 giant frogs
  An elf zombie (D:8)
  4 scorpions
  A water moccasin skeleton (D:7)
  5 killer bees
  6 wights
  An electric eel (Lair:1)
  A giant frog zombie (D:5)
  2 orc priests
  6 hounds
  2 jellies
  A quasit (D:7)
  Crazy Yiuf (D:2)
  A human zombie (D:8)
  4 iguanas
  5 orc wizards
  2 human skeletons (D:8)
  Natasha (thrice) (D:2)
  7 worker ants
  2 hell rats (Lair:1)
  2 ogre zombies (D:8)
  A sheep (D:8)
  Robin (D:2)
  7 adders
  20 river rats
  2 shadow imps
  An ooze (D:2)
  2 worms (D:2)
  2 adder skeletons (D:5)
  6 giant geckos
  26 orcs
  A ball python (D:2)
  4 giant cockroaches
  15 hobgoblins
  11 jackals
  A quokka (D:2)
  5 bats
  2 giant newts
  12 goblins
  9 kobolds
  2 orc zombies (D:8)
  15 rats
283 creatures vanquished.

Vanquished Creatures (collateral kills)
  A siren (Shoals:2)
  A sheep (Shoals:2)
2 creatures vanquished.

Vanquished Creatures (others)
  7 fungi
  A plant (Lair:2)
8 creatures vanquished.

Grand Total: 293 creatures vanquished

Notes
Turn   | Place    | Note
--------------------------------------------------------------
     0 | D:1      | hexophile the Gargoyle Fighter began the quest for the Orb.
     0 | D:1      | Reached XP level 1. HP: 14/14 MP: 1/1
   267 | D:1      | Reached XP level 2. HP: 13/19 MP: 2/2
   898 | D:2      | Reached XP level 3. HP: 20/23 MP: 3/3
  1417 | D:2      | Noticed Crazy Yiuf
  1431 | D:2      | Killed Crazy Yiuf
  1431 | D:2      | Reached skill level 4 in Polearms
  1431 | D:2      | Reached XP level 4. HP: 23/28 MP: 4/4
  1523 | D:2      | Noticed Robin
  1557 | D:2      | Killed Robin
  1955 | D:2      | Reached XP level 5. HP: 26/32 MP: 5/5
  1961 | D:2      | Noticed Natasha
  1966 | D:2      | Killed Natasha
  2030 | D:2      | Noticed Natasha
  2044 | D:2      | Killed Natasha
  2196 | D:2      | Reached skill level 5 in Polearms
  2424 | D:2      | Noticed Natasha
  2428 | D:2      | Killed Natasha
  3154 | D:3      | Reached XP level 6. HP: 37/37 MP: 6/6
  3249 | D:4      | Reached skill level 6 in Polearms
  3283 | D:4      | Found a shadowy altar of Dithmenos.
  3285 | D:4      | Found an opulent altar of Gozag.
  3286 | D:4      | Found a basalt altar of Yredelemnul.
  3287 | D:4      | Found a glowing golden altar of the Shining One.
  3287 | D:4      | Found an iron altar of Okawaru.
  3287 | D:4      | Found a sparkling altar of Nemelex Xobeh.
  3289 | D:4      | Found an ancient bone altar of Kikubaaqudgha.
  3462 | D:4      | Reached XP level 7. HP: 32/41 MP: 7/7
  3479 | D:4      | Reached skill level 7 in Polearms
  4110 | D:5      | Entered Level 5 of the Dungeon
  4131 | D:5      | Noticed kae's ghost (experienced TeFE)
  4149 | D:5      | Killed kae's ghost
  4149 | D:5      | Reached skill level 9 in Polearms
  4149 | D:5      | Reached XP level 8. HP: 23/46 MP: 8/8
  4763 | D:5      | Found a staircase to the Ecumenical Temple.
  4782 | Temple   | Entered the Ecumenical Temple
  4883 | Temple   | Became a worshipper of Cheibriados the Contemplative
  4987 | D:5      | Found Qagan's Off-Brand Ammunition.
  5304 | D:6      | Found a deep blue altar of Sif Muna.
  5627 | D:6      | Reached XP level 9. HP: 40/52 MP: 9/9
  5718 | D:6      | Acquired Cheibriados's first power
  6002 | D:6      | Reached skill level 10 in Polearms
  6129 | D:7      | Reached skill level 1 in Invocations
  6418 | D:7      | Reached skill level 5 in Shields
  6624 | D:7      | Reached skill level 5 in Fighting
  7337 | D:8      | Found a staircase to the Lair.
  7670 | D:8      | Noticed Grum
  7689 | D:8      | Reached skill level 5 in Invocations
  7715 | D:7      | Reached XP level 10. HP: 37/60 MP: 14/14
  7842 | D:8      | Killed Grum
  7902 | D:8      | Reached skill level 5 in Armour
  8040 | D:8      | Found a basalt altar of Yredelemnul.
  8456 | D:8      | Acquired Cheibriados's second power
  8476 | Lair:1   | Entered Level 1 of the Lair of Beasts
  9351 | Lair:1   | Acquired Cheibriados's third power
  9351 | Lair:1   | Reached XP level 11. HP: 53/67 MP: 17/17
 11659 | Lair:3   | Found a staircase to the Shoals.
 11681 | Shoals:1 | Entered Level 1 of the Shoals
 11736 | Shoals:1 | HP: 2/71 [manticore/volley of spikes (17)]
 12181 | Lair:3   | Reached XP level 12. HP: 66/76 MP: 18/18
 12415 | Shoals:2 | Reached skill level 10 in Shields
 12849 | Shoals:2 | Noticed a merfolk javelineer
 12857 | Shoals:2 | HP: 4/77 [water nymph/the raging water (20)]
 12857 | Shoals:2 | HP: 1/77 [sheep[a cyclops] (3)]
 12889 | Shoals:2 | Killed from afar by a water nymph

Vault maps used:
D:1:      scummos_arrival_gate
D:2:      minmay_door_path, first_bread, uniq_crazy_yiuf_cottage, uniq_robin,
          uniq_natasha
D:4:      grunt_temple_overflow_open
D:5:      minmay_temple_entry_crystal_x, minmay_stone_trees_medium,
          minmay_misc_feat_tiny, nicolae_offbrand_ammo
D:6:      basic_altar
D:7:      grunt_ogre_cave, kennysheep_opposing_triangles
D:8:      dpeg_lair_monsters, lemuel_mausoleum_altar_yredelemnul, uniq_grum
Temple:   circular_temple_12
Lair:1:   kennysheep_abandoned_house, serial_bayou_pond_a, minmay_holes,
          beast_lair_carwin_9
Lair:2:   infiniplex_staircase_pool
Lair:3:   lemuel_ratsnest, elwin_shoals_entry_rocks

Action                   |  1- 3 |  4- 6 |  7- 9 | 10-12 || total
-------------------------+-------+-------+-------+-------++-------
Melee: Trident           |   179 |     2 |   402 |   844 ||  1427
       Quarterstaff      |       |   259 |    89 |       ||   348
Invok: Bend Time         |       |       |     3 |     9 ||    12
       Slouch            |       |       |       |     4 ||     4
       Temporal Distorti |       |       |       |     6 ||     6
  Use: Scroll            |     1 |     5 |     5 |     7 ||    18
       Potion            |       |     1 |     4 |     8 ||    13
 Stab: Paralysed         |       |     1 |       |       ||     1
       Confused          |       |       |     1 |       ||     1
       Sleeping          |       |       |     1 |       ||     1
  Eat: Chunk             |     2 |     8 |     8 |     8 ||    26
       Bread ration      |       |       |     1 |       ||     1
       Royal jelly       |       |       |     1 |     1 ||     2
